 Dungeon Crawl Stone Soup version 0.20-a0-51-g027d3fc (webtiles) character file.

210 wazuzu the Conjurer (level 5, -1/38 HPs)
             Began as a Draconian Conjurer on Nov 15, 2016.
             Slain by a killer bee (2 damage)
             ... on level 4 of the Dungeon.
             The game lasted 00:11:21 (3521 turns).

wazuzu the Conjurer (Draconian Conjurer)            Turns: 3521, Time: 00:11:22

Health: -1/38      AC:  6    Str: 10    XL:     5   Next: 57%
Magic:  12/20      EV: 17    Int: 17    God:
Gold:   147        SH:  0    Dex: 16    Spells: 2 memorised, 9 levels left

rFire  . . .     SeeInvis .     f - -2 whip
rCold  . . .     Gourm    .     (armour unavailable)
rNeg   . . .     Faith    .     (no shield)
rPois  .         Spirit   .     (helmet restricted)
rElec  .         Reflect  .     (no cloak)
rCorr  .         Harm     .     p - +0 pair of gloves
MR     .....                    (no boots)
Stlth  ++++......               (no amulet)
                                j - ring of magical power
                                e - ring of stealth

@: agile, lethally poisoned (-1 -> -7)
A: unfitting armour, cold-blooded, AC +5
a: no special abilities


You were on level 4 of the Dungeon.
You were not hungry.

You visited 1 branch of the dungeon, and saw 4 of its levels.

You collected 147 gold pieces.

Inventory:

Hand Weapons
 f - a -2 whip (weapon)
 m - a +0 mace of protection
 r - a cursed -2 whip
Armour
 p - a +0 pair of gloves (worn)
Jewellery
 e - a ring of stealth (left hand)
 j - a ring of magical power (right hand)
Potions
 h - a potion of agility
 k - a potion of magic {unknown}
 o - a potion of resistance {unknown}
 q - a potion of heal wounds {unknown}
 u - a potion of flight {unknown}
Books
 a - a book of Conjurations

   Spells                             Type                      Level
   a - Magic Dart                     Conjuration                  1
   b - Searing Ray                    Conjuration                  2
   c - Dazzling Spray                 Conjuration/Hexes            3
   d - Fulminant Prism                Conjuration/Hexes            4
   e - Iskenderun's Mystic Blast      Conjuration                  4
   f - Iskenderun's Battlesphere      Conjuration/Charms           5
Comestibles
 b - 2 bread rations
 d - a slice of pizza
 g - 3 fruits
 l - a meat ration
 n - a beef jerky


   Skills:
 - Level 1.7 Dodging
 - Level 1.7 Stealth
 * Level 4.4 Spellcasting
 + Level 5.2 Conjurations


You had 9 spell levels left.
You knew the following spells:

 Your Spells              Type           Power        Failure   Level  Hunger
a - Magic Dart            Conj           ###.         1%          1    None
b - Searing Ray           Conj           ###...       2%          2    ##.....


Dungeon Overview and Level Annotations

Branches:
Dungeon (4/15)
 Temple: D:4-7

Altars:
Trog

Annotations:
D:4 Sigmund


Innate Abilities, Weirdness & Mutations

Your plain brown scales are hard. (AC +5)
You cannot fit into any form of body armour.
You are cold-blooded and may be slowed by cold attacks.


Message History

It was a scroll of remove curse.
The killer bee stings you.
You are poisoned.
The killer bee poisons you! The killer bee closely misses you.
As you read the scroll labeled DOMAZIPUIH, it crumbles to dust.
The scroll dissolves into smoke.
It was a scroll of fog.
You feel sick. The killer bee stings you!
* * * LOW HITPOINT WARNING * * *
The killer bee stings you but does no damage.
It was a potion of agility.
You feel agile all of a sudden.
* * * LOW HITPOINT WARNING * * *
You feel sick. The killer bee stings you.
* * * LOW HITPOINT WARNING * * *
The killer bee misses you.
You hear a zap.
Some rock shatters into small pieces.
* * * LOW HITPOINT WARNING * * *
You feel sick. The killer bee misses you. The killer bee stings you.
You die...

### ... .. #..#
##.##
#..#.##...###.#
##..#...........
#§§§####<.>#
#§§§......##
#§@######o# #.
### ##yy# Wl
..##..# # §§§y#
.## ...{...#.
§§§§# .#
.....#.## #§§§#
o#
..[.....#.§y{§.#
.. #[.....§§§..#
#....######.#
.....#.## #.#


You could see 3 killer bees.

Vanquished Creatures
  10 adders
  An ooze (D:3)
  4 worms
  3 dart slugs
  2 leopard geckos
  6 orcs
  3 giant cockroaches
  7 goblins
  12 hobgoblins
  6 jackals
  10 kobolds
  2 quokkas
  A ball python (D:1)
  8 bats
  6 frilled lizards
  A quokka skeleton (D:3)
  11 rats
93 creatures vanquished.

Notes
Turn   | Place    | Note
-------+----------+-------------------------------------------
     0 | D:1      | wazuzu the Draconian Conjurer began the quest for the Orb.
     0 | D:1      | Reached XP level 1. HP: 14/14 MP: 3/3
   469 | D:1      | Reached XP level 2. HP: 20/20 MP: 0/5
   720 | D:1      | Learned a level 2 spell: Searing Ray
  1353 | D:1      | Reached XP level 3. HP: 26/26 MP: 5/7
  1873 | D:2      | Found a bloodstained altar of Trog.
  2019 | D:2      | Reached XP level 4. HP: 33/33 MP: 5/9
  2592 | D:3      | Reached XP level 5. HP: 38/38 MP: 11/11
  2595 | D:3      | Reached skill level 5 in Conjurations
  3268 | D:4      | Noticed an orc warrior
  3411 | D:4      | Noticed a phantom
  3500 | D:4      | Noticed Sigmund
  3520 | D:4      | HP: 1/38 [poisoned by a killer bee]
  3521 | D:4      | Slain by a killer bee

Vault maps used:
D:1:      saegor_arrival_simple_e
D:2:      nicolae_overflow_hidden_temple, minmay_ruptured
D:4:      grunt_temple_overflow_growth_and_decay, lemuel_crystal_altar,
          first_bread, uniq_duvessa, uniq_grinder, uniq_sigmund

Skill      XL: |  1  2  3  4  5 |
---------------+----------------+-----
Spellcasting   | 3 4 |  4.4
Conjurations   | 5 |  5.2
Dodging        | |  1.7
Stealth        | |  1.7

Action                   |  1- 3 |  4- 6 || total
-------------------------+-------+-------++-------
Melee: Unarmed           |    20 |       ||    20
       Club              |     6 |       ||     6
       Tailslap          |     2 |       ||     2
       Short sword       |     9 |       ||     9
       Whip              |     4 |    12 ||    16
 Cast: Magic Dart        |    95 |   123 ||   218
  Use: Scroll            |     2 |     5 ||     7
       Potion            |       |     2 ||     2
  Eat: Chunk             |     4 |     5 ||     9
Armor: Skin              |    17 |    13 ||    30
Dodge: Dodged            |    42 |    33 ||    75
